Map: Lightshade LE

Players

Penguin

  • Race: Terran Terran

HMSFellow - Winner!

  • Race: Terran Terran
  • League: Platinum

VOD

Have the link to the VOD?

Description

Time

  • Played on: June 19, 2021, 10:22 p.m.
  • Length: 8:18
Show
View Real Time Build Order
Export as new Build Order

Penguin Terran 

Build Orders:  

Get SALT Encoding   

  12  0:01  SCV  
  13  0:17  Supply Depot  
  13  0:18  SCV  
  14  0:30  SCV  
  14  0:34  Refinery  
  15  0:44  Barracks  
  15  0:46  SCV  
  16  0:58  SCV  
  17  1:10  SCV  
  18  1:22  SCV  
  19  1:30  Reaper  
  20  1:39  Orbital Command  
  20  1:40  Bunker  
  20  2:11  Marine  
  21  2:20  Supply Depot  
  21  2:26  Factory  
  21  2:29  Marine  
  22  2:31  Refinery  
  22  2:35  Command Center  
  22  2:43  SCV  
  23  2:53  Marine, Engineering Bay  
  23  2:57  SCV  
  25  3:09  SCV  
  25  3:11  Starport  
  26  3:13  Factory Tech Lab  
  26  3:20  Marine  
  26  3:26  SCV  
  28  3:32  Missile Turret  
  31  3:34  Siege Tank  
  31  3:47  SCV  
  33  3:48  SCV  
  33  3:51  Refinery  
  33  3:58  Missile Turret  
  33  4:00  Fusion Core  
  33  4:02  SCV  
  34  4:04  Starport Tech Lab  
  34  4:06  Marine  
  35  4:14  Orbital Command  
  35  4:21  SCV  
  35  4:22  Refinery  
  36  4:32  Marine  
  36  4:33  Missile Turret  
  37  4:44  Starport  
  37  4:45  SCV  
  38  5:03  SCV  
  38  5:06  SCV  
  40  5:13  Battlecruiser  
  46  5:22  SCV  
  46  5:25  Starport Tech Lab  
  47  5:42  Missile Turret  
  51  5:50  Battlecruiser  
  47  6:17  Missile Turret  
  39  7:14  Engineering Bay  
  33  7:36  Supply Depot  
  33  7:37  Supply Depot  
  33  7:38  Supply Depot  
  35  8:00  Supply Depot  
Show
View Real Time Build Order
Export as new Build Order

HMSFellow Terran - Winner!

Build Orders: 1/1/1 

Get SALT Encoding   

  12  0:00  SCV  
  13  0:12  SCV  
  14  0:17  Supply Depot  
  14  0:25  SCV  
  15  0:38  SCV  
  15  0:41  Barracks  
  16  0:45  Refinery  
  16  0:50  SCV  
  17  0:57  Refinery  
  17  1:03  SCV  
  18  1:15  SCV  
  18  1:17  Supply Depot  
  19  1:29  Orbital Command  
  19  1:31  Marine  
  20  1:46  Factory  
  20  1:54  Marine  
  20  1:55  SCV  
  21  2:09  SCV  
  21  2:12  Marine  
  23  2:22  SCV  
  24  2:29  Starport  
  24  2:30  Factory Tech Lab, Marine  
  25  2:38  SCV  
  26  2:45  Supply Depot  
  26  2:48  Marine  
  26  2:51  Siege Tank  
  30  2:53  SCV  
  31  3:00  Supply Depot  
  31  3:05  Starport Reactor  
  31  3:06  Marine  
  31  3:10  SCV  
  33  3:23  Supply Depot  
  33  3:24  Marine  
  33  3:26  Siege Tank  
  37  3:42  Marine  
  37  3:43  Viking x2  
  42  3:53  Supply Depot  
  42  3:59  Marine  
  42  4:00  Siege Tank  
  46  4:14  Liberator  
  49  4:20  Marine  
  50  4:35  Supply Depot, Viking  
  50  4:38  Marine  
  53  4:47  Barracks  
  53  4:51  Hellion  
  55  4:56  Supply Depot  
  55  4:57  SCV  
  56  5:02  Marine  
  56  5:04  Liberator  
  60  5:10  Viking  
  62  5:30  Marine  
  63  5:48  Marine  
  64  6:06  Marine  
  64  6:07  Siege Tank  
  64  6:10  Liberator  
  71  6:23  Marine  
  55  6:49  Marine  
  55  6:53  Viking x2  
  49  7:07  Marine x2, Cyclone  
  54  7:12  Command Center  
  54  7:24  Marine  
  54  7:25  Marine  
  54  7:40  Viking x2  
Tags
 
League
Platinum
Matchup
TvT
Opening
1/1/1
Race
Terran
Add a new tag
Caveats
  • Supply blocks, unpowered buildings, or Contaminate may cause inaccurate times.
  • Supply counts are checked every 10 seconds.